 Dungeon Crawl Stone Soup version 0.31-a0-210-gccc998df9b (webtiles) character file.

Game seed: 12308478835496156970

185 qw the Shooter (level 5, -14/30 HPs)
             Began as a Gargoyle Hexslinger on June 30, 2023.
             Demolished by an ogre
             ... wielding a +0 giant club
              (23 damage)
             ... on level 3 of the Dungeon.
             The game lasted 00:00:50 (2091 turns).

qw the Shooter (Gargoyle Hexslinger)                Turns: 2091, Time: 00:00:51

Health: -14/30     AC: 10    Str: 12    XL:     5   Next: 64%
Magic:  6/6        EV: 10    Int: 13    God:
Gold:   159        SH:  0    Dex: 14    Spells: 5/6 levels left

rFire   . . .        Y - +1 sling
rCold   . . .        (no shield)
rNeg    + . .        a - +0 ring mail
rPois   inf          (no helmet)
rElec   +            (no cloak)
rCorr   .            f - +0 pair of gloves
SInv    .            (no boots)
Will    .....        (no amulet)
Stlth   +            (no ring)
HPRegen 0.25/turn    (no ring)
MPRegen 0.10/turn

%: no passive effects
@: no status effects
A: sickness immunity, AC +4, negative energy resistance 1, electricity
resistance, torment resistance 1, petrification resistance
a: no special abilities


You were on level 3 of the Dungeon.
You visited 1 branch of the dungeon, and saw 3 of its levels.

You collected 159 gold pieces.


Innate Abilities, Weirdness & Mutations

You are immune to sickness and miasma.
Your stone body is resilient. (AC +4)
You are immune to poison.
You resist negative energy. (rN+)
You are resistant to electric shocks. (rElec)
You are resistant to unholy torment.
You are immune to petrification.


   Skills:
 - Level 2.3 Fighting
 + Level 4.7 Ranged Weapons
 - Level 2.2 Armour
 - Level 1.5 Dodging
 - Level 1.0 Spellcasting
 - Level 2.6 Hexes


You had 5 spell levels left.
You knew the following spells:

 Your Spells              Type           Power      Damage    Failure   Level
a - Slow                  Hex            28%        N/A       21%         1

Your spell library contained the following spells:

 Spells                   Type           Power      Damage    Failure   Level
 Inner Flame              Hex/Fire       4%         N/A       71%         3
 Portal Projectile        Hex/Tloc       8%         N/A       71%         3
 Cause Fear               Hex            3%         N/A       90%         4

Inventory:

Hand Weapons
 Y - a +1 sling (weapon)
Armour
 a - a +0 ring mail (worn)
 f - a +0 pair of gloves (worn)
Jewellery
 c - an amulet of reflection
Scrolls
 h - a scroll of teleportation
 j - a scroll of immolation {unknown}
Potions
 b - a potion of attraction {unknown}
 d - a potion of lignification {unknown}
 e - a potion of haste {unknown}
 g - a potion of heal wounds {unknown}
 i - a potion of curing {unknown}
 k - a potion of mutation {unknown}

Dungeon Overview and Level Annotations

Branches:
Dungeon (3/15)

Altars:

Shops:
D:1 (


Message History

Enter note:
Enter note:
Enter note:
Enter note: You shoot a sling bullet.
The sling bullet completely misses the ogre.
You shoot a sling bullet. The sling bullet hits the ogre.
The ogre is lightly wounded.
You shoot a sling bullet. The sling bullet hits the ogre!
The ogre is heavily wounded.
You shoot a sling bullet.
The sling bullet barely misses the ogre.
You shoot a sling bullet.
The sling bullet completely misses the ogre.
The ogre hits you with a +0 giant club.
You shoot a sling bullet. The sling bullet hits the ogre.
The ogre is heavily wounded.
The ogre barely misses you.
You shoot a sling bullet. The sling bullet hits the ogre!
The ogre is severely wounded.
The ogre barely misses you.
You shoot a sling bullet.
The sling bullet hits the ogre but does no damage.
The ogre is severely wounded.
You shoot a sling bullet. The sling bullet hits the ogre.
The ogre is severely wounded.
The ogre closely misses you.
You shoot a sling bullet. The sling bullet hits the ogre.
The ogre is almost dead.
The ogre hits you with a +0 giant club!
Ouch! That really hurt!
You shoot a sling bullet.
The sling bullet hits the ogre but does no damage.
The ogre is almost dead.
The ogre barely misses you.
You shoot a sling bullet.
The sling bullet closely misses the ogre.
The ogre hits you with a +0 giant club!!
Ouch! That really hurt!
You die...

##...........###.#
#................#
%.####..#...##..## ###
#.....#.##..# #
##.#...#..#..######
####.......#.........#
..#..................#
....#..).............#
...##...........@....#
######.%...#....O....#
## ##.....#.........#
...##........###...###
........:....# #...#
...##.......## #...#
...........### #...#
...####.%....# #...#
.. #.<..##..#


You could see an ogre.

Vanquished Creatures
  An ogre (D:3)
  A jelly (D:3)
  2 adders
  2 worms (D:3)
  3 orcs
  6 bats
  2 endoplasms
  A giant cockroach (D:3)
  3 goblins
  7 hobgoblins
  3 jackals (D:2)
  A quokka (D:3)
  3 ball pythons
  A frilled lizard (D:1)
  3 kobolds
  5 rats
44 creatures vanquished.

Notes
Turn   | Place    | Note
-------+----------+-------------------------------------------
     0 | D:1      | qw the Gargoyle Hexslinger began the quest for the Orb.
     0 | D:1      | Reached XP level 1. HP: 12/12 MP: 2/2
     0 | D:1      | 0 ||| qw: Version: 0.3-a-24-ga2abf7b
     0 | D:1      | 0 ||| qw: Game counter: 7077
     0 | D:1      | 0 ||| qw: Melee chars always use a shield: true
     0 | D:1      | 0 ||| qw: God list: Okawaru
     0 | D:1      | 0 ||| qw: Allow faded altars: false
     0 | D:1      | 0 ||| qw: Do Orc after clearing Dungeon:15 true
     0 | D:1      | 0 ||| qw: Do second Lair branch before Depths: true
     0 | D:1      | 0 ||| qw: Lair rune preference: random
     0 | D:1      | 0 ||| qw: Goals: Normal
     0 | D:1      | 0 ||| PLANNING D:1-11
   180 | D:1      | HP: 2/12 [kobold/+0 short sword (4)]
   293 | D:1      | Reached XP level 2. HP: 16/16 MP: 3/3
   340 | D:1      | Found Imahiuc's Weapon Emporium.
   684 | D:1      | 684 ||| READING scroll labelled TAEREN XEUCASO.
   688 | D:1      | 688 ||| READING 3 scrolls labelled REETYUTONO.
   689 | D:1      | 689 ||| READING scroll labelled IMUIRYISIU.
   790 | D:1      | 790 ||| READING scroll labelled YNUJIFF RERYIQ.
   791 | D:1      | 791 ||| DROPPING scroll of poison.
   792 | D:1      | 792 ||| DROPPING 2 scrolls of fear.
   851 | D:2      | Reached skill level 3 in Ranged Weapons
   914 | D:2      | 914 ||| FLEEEEING.
   918 | D:2      | 918 ||| FLEEEEING.
   919 | D:2      | 919 ||| FLEEEEING.
   920 | D:2      | 920 ||| FLEEEEING.
   921 | D:2      | 921 ||| FLEEEEING.
   922 | D:2      | 922 ||| FLEEEEING.
   923 | D:2      | 923 ||| FLEEEEING.
  1063 | D:2      | Reached XP level 3. HP: 20/21 MP: 4/4
  1532 | D:2      | 1532 ||| UPGRADING to +0 ring mail.
  1542 | D:2      | 1542 ||| DROPPING +0 robe.
  1543 | D:2      | 1543 ||| UPGRADING to +0 pair of gloves.
  1573 | D:3      | 1573 ||| STAIRDANCE
  1614 | D:3      | Reached XP level 4. HP: 26/26 MP: 5/5
  1638 | D:3      | HP: 6/26 [adder (2)]
  1817 | D:3      | Noticed an ogre
  1818 | D:3      | 1818 ||| FLEEEEING.
  1844 | D:3      | Killed an ogre
  1845 | D:3      | Reached skill level 4 in Ranged Weapons
  1845 | D:3      | Reached XP level 5. HP: 18/30 MP: 6/6
  2079 | D:3      | Noticed an ogre
  2091 | D:3      | Demolished by an ogre

Levels and vault maps discovered:
D:1:      amcnicky_arrival_flooded_fountain, layout_loops_ring, serial_glass,
          glass_columns_c, glass_columns_a, serial_shops,
          nicolae_shop_bloodbath_and_beyond
D:2:      layout_basic, minmay_strange_pillars, small_statue_intersection
D:3:      layout_rooms, minivault_4

Skill      XL: |  1  2  3  4 |
---------------+-------------+-----
Ranged Weapons | 3 4 |  4.7
Fighting       | 2 |  2.3
Armour         | 2 |  2.2
Dodging        | |  1.5
Spellcasting   | |  1.0
Hexes          | |  2.6

Action                     |  1- 3 |  4- 6 || total
---------------------------+-------+-------++-------
   Fire: Sling             |   119 |    83 ||   202
    Use: Scroll            |     4 |       ||     4
 Armour: Robe              |    15 |       ||    15
         Ring mail         |    16 |    27 ||    43
  Dodge: Dodged            |    74 |    31 ||   105

Table legend:
 A = Non-vault XP
 B = Vault XP
 C = Vault XP percentage of total XP
 D = Non-vault monster count
 E = Vault monster count
 F = Vault count percentage of total count
                 A         B        C        D         E       F
            +---------+---------+-------+---------+---------+-------
      Total |     265 |       0 |   0.0 |      44 |       0 |   0.0
            +---------+---------+-------+---------+---------+-------
        D:1 |      15 |       0 |   0.0 |      11 |       0 |   0.0
        D:2 |      47 |       0 |   0.0 |      20 |       0 |   0.0
        D:3 |     203 |       0 |   0.0 |      13 |       0 |   0.0
            +---------+---------+-------+---------+---------+-------
